 Dungeon Sprint DCSS version 0.17-a0-1651-gae1a69f (webtiles) character file.

861 nuthulu the Covert (level 7, -6/32 HPs)
             Began as a Spriggan Enchanter on Aug 14, 2015.
             Was a High Priest of Dithmenos.
             Mangled by an ice devil (31 damage)
             ... in the Dungeon (Sprint VII: "The Pits").
             The game lasted 00:03:05 (620 turns).

nuthulu the Covert (Spriggan Enchanter)              Turns: 620, Time: 00:03:05

Health: -6/32      AC:  3    Str:  4    XL:     7   Next: 71%
Magic:  15/21      EV: 27    Int: 18    God:    Dithmenos [*****.]
Gold:   0          SH:  0    Dex: 17    Spells: 3 memorised, 19 levels left

rFire  . . .     SeeInvis +     q - +0 dagger (venom)
rCold  . . .     Clarity  .     b - +1 robe
rNeg   . . .     SustAt   .     (shield restricted)
rPois  .         Gourm    .     (helmet restricted)
rElec  .         Spirit   .     (no cloak)
rCorr  .         Warding  .     (gloves unavailable)
rMut   .         NoTele   +     (boots unavailable)
MR     +....                    (no amulet)
Stlth  +++++++++.               (no ring)
                                (no ring)

@: wreathed by umbra, invisible, very quick, somewhat resistant to hostile
enchantments, incredibly stealthy
A: unfitting armour, see invisible, herbivore 3, speed 3, slow metabolism 2
a: Shadow Step, Shadow Form, Renounce Religion


You were in the Dungeon.
You worshipped Dithmenos.
Dithmenos was extremely pleased with you.
You were not hungry.

You visited 1 branch

Inventory:

Hand weapons
 a - a +1 dagger
 p - a +2 dagger
 q - a +0 dagger of venom (weapon)
Armour
 b - a +1 robe (worn)
Scrolls
 j - a scroll of blinking
 m - 3 scrolls of remove curse
 n - 5 scrolls of amnesia
 o - a scroll of summoning
Potions
 e - 6 potions of curing
 f - 4 potions of heal wounds
 h - 4 potions of magic
 i - 3 potions of berserk rage
Books
 c - a book of Maledictions

   Spells                             Type                      Level
   a - Corona                         Hexes                        1
   b - Ensorcelled Hibernation        Hexes/Ice                    2
   c - Confuse                        Hexes                        3
   d - Tukima's Dance                 Hexes                        3
   e - Dazzling Spray                 Conjuration/Hexes            3
Comestibles
 d - 8 bread rations
 k - 40 fruits


   Skills:
 + Level 8.4 Short Blades
 + Level 11.0 Dodging
 + Level 12.3 Stealth
 + Level 9.6 Spellcasting
 + Level 9.7 Hexes


You had 19 spell levels left.
You knew the following spells:

 Your Spells              Type           Power        Failure   Level  Hunger
a - Corona                Hex            #####..      1%          1    None
b - Ensorcelled Hibernat  Hex/Ice        ####..       1%          2    None
c - Tukima's Dance        Hex            #####...     1%          3    None


Dungeon Overview and Level Annotations

Branches:
Dungeon (1/1)

Altars:
Ashenzari
Cheibriados
Dithmenos
Elyvilon
Fedhas
Kikubaaqudgha
Makhleb
Nemelex Xobeh
Okawaru
Ru
Sif Muna
Trog
Vehumet
Xom
Yredelemnul
Zin
The Shining One
Beogh
Jiyva
Lugonu


Innate Abilities, Weirdness & Mutations

You are tiny and cannot use many weapons and most armour.
You have supernaturally acute eyesight.
You are a herbivore.
You cover ground extremely quickly.
You need consume almost no food.


Message History

Press: ? - help, Shift-Dir - straight line, f - ice devil
Aim: an ice devil (umbra, chance to defeat MR: 28%)
The ice devil easily resists.
The ice devil completely misses you.
Casting: Corona
Confirm with . or Enter, or press ? or * to list all spells.
Aiming: Corona
Press: ? - help, Shift-Dir - straight line, f/p - ice devil
Aim: an ice devil (umbra, chance to defeat MR: 28%)
The ice devil is outlined in light.
The ice devil hits you! The ice devil freezes you!
You barely miss the ice devil. The ice devil closely misses you.
Unknown command.
Drink which item? (? for menu, Esc to quit)
You feel much better. The ice devil misses you.
You hit the ice devil but do no damage.
Drink which item? (? for menu, Esc to quit)
You fade into invisibility!
The ice devil hits you! The ice devil freezes you!!
Ouch! That really hurt!
You die...

#[#.......)##.......#
#'###########.......#
#.......#..##########
#.......#.######
#..†#...#)#....#
#..###..#†#....#
#...#...#('....+
#.......#'#..3.#
#.......'(#.@†.#
################


You could see an ice devil.

Vanquished Creatures
  A spiny frog (D)
  A wolf (D)
  A centaur (D)
  An ice beast (D)
  A wasp (D)
  A giant frog (D)
  A hound (D)
  2 worker ants (D)
  A white imp (D)
  An ooze (D)
  2 ufetubi (D)
  A giant gecko (D)
  A ball python (D)
  A bat skeleton (D)
  A bat zombie (D)
  A hobgoblin (D)
  A quokka (D)
  A bat (D)
  A kobold (D)
  A rat (D)
22 creatures vanquished.

Vanquished Creatures (collateral kills)
  An orc (D)
1 creature vanquished.

Grand Total: 23 creatures vanquished

Notes
Turn   | Place    | Note
--------------------------------------------------------------
     0 | D        | nuthulu the Spriggan Enchanter began the quest for the Orb.
     0 | D        | Reached XP level 1. HP: 9/9 MP: 5/5
    41 | D        | Found a sacrificial altar of Ru.
    41 | D        | Found a basalt altar of Yredelemnul.
    41 | D        | Found a glowing golden altar of the Shining One.
    41 | D        | Found a deep blue altar of Sif Muna.
    41 | D        | Found a burning altar of Makhleb.
    41 | D        | Found an ancient bone altar of Kikubaaqudgha.
    41 | D        | Found a glowing silver altar of Zin.
    42 | D        | Found a shadowy altar of Dithmenos.
    42 | D        | Found a bloodstained altar of Trog.
    42 | D        | Found a shattered altar of Ashenzari.
    42 | D        | Found a white marble altar of Elyvilon.
    42 | D        | Found a snail-covered altar of Cheibriados.
    42 | D        | Found a blossoming altar of Fedhas.
    42 | D        | Found a radiant altar of Vehumet.
    42 | D        | Found a shimmering altar of Xom.
    42 | D        | Found a sparkling altar of Nemelex Xobeh.
    42 | D        | Found a corrupted altar of Lugonu.
    42 | D        | Found a viscous altar of Jiyva.
    42 | D        | Found a roughly hewn altar of Beogh.
    42 | D        | Found an iron altar of Okawaru.
    47 | D        | Became a worshipper of Dithmenos the Shadowed
    54 | D        | Noticed a worker ant
    56 | D        | Killed a worker ant
    56 | D        | Reached skill level 6 in Stealth
    56 | D        | Reached XP level 2. HP: 13/13 MP: 5/7
    63 | D        | Learned a level 2 spell: Ensorcelled Hibernation
   110 | D        | Noticed a worker ant
   112 | D        | Killed a worker ant
   112 | D        | Reached skill level 5 in Dodging
   112 | D        | Reached skill level 5 in Hexes
   112 | D        | Reached XP level 3. HP: 16/16 MP: 10/10
   120 | D        | Learned a level 3 spell: Tukima's Dance
   129 | D        | Acquired Dithmenos's first power
   246 | D        | Noticed a giant frog
   250 | D        | Killed a giant frog
   250 | D        | Reached skill level 8 in Stealth
   250 | D        | Reached skill level 5 in Spellcasting
   250 | D        | Reached XP level 4. HP: 21/21 MP: 10/12
   271 | D        | Acquired Dithmenos's second power
   271 | D        | Reached XP level 5. HP: 16/24 MP: 11/14
   282 | D        | Reached skill level 5 in Short Blades
   308 | D        | Noticed an ice beast
   340 | D        | Killed an ice beast
   340 | D        | Reached skill level 9 in Stealth
   494 | D        | Noticed a wasp
   499 | D        | Killed a wasp
   499 | D        | Acquired Dithmenos's third power
   499 | D        | Reached skill level 10 in Stealth
   499 | D        | Reached XP level 6. HP: 28/28 MP: 11/17
   538 | D        | Noticed a centaur
   538 | D        | Noticed a hound
   542 | D        | Killed a hound
   549 | D        | Killed a centaur
   605 | D        | Noticed a wolf
   605 | D        | Noticed an ice devil
   605 | D        | Noticed a spiny frog
   612 | D        | Killed a spiny frog
   612 | D        | Acquired Dithmenos's fourth power
   612 | D        | Reached skill level 10 in Dodging
   612 | D        | Reached skill level 12 in Stealth
   612 | D        | Reached XP level 7. HP: 32/32 MP: 18/20
   614 | D        | Killed a wolf
   620 | D        | Mangled by an ice devil

Vault maps used:
D:        pitsprint

Action                   |  1- 3 |  4- 6 |  7- 9 || total
-------------------------+-------+-------+-------++-------
Melee: Dagger            |    25 |    50 |     3 ||    78
 Cast: Ensorcelled Hiber |     3 |     6 |     1 ||    10
       Corona            |       |     3 |     2 ||     5
       Tukima's Dance    |       |     1 |       ||     1
  Use: Potion            |       |     3 |     2 ||     5
 Stab: Sleeping          |     6 |     5 |     1 ||    12
       Invisible         |       |     1 |       ||     1
